 Dungeon Crawl Stone Soup version 0.21-a0-153-g78480df (webtiles) character file.

125 wazuzu the Magician (level 4, -1/24 HPs)
             Began as a Deep Elf Ice Elementalist on July 31, 2017.
             Slain by a shadow imp (5 damage)
             ... on level 2 of the Dungeon.
             The game lasted 00:05:13 (1688 turns).

wazuzu the Magician (Deep Elf Ice Elementalist)     Turns: 1688, Time: 00:05:14

Health: -1/24      AC:  3    Str:  5    XL:     4   Next: 82%
Magic:  12/12      EV: 13    Int: 21    God:
Gold:   72         SH:  0    Dex: 15    Spells: 9/12 levels left

rFire    . . .     SeeInvis .   (no weapon)
rCold    . . .     Gourm    .   (no shield)
rNeg     + . .     Faith    .   a - +1 robe
rPois    .         Spirit   .   (no helmet)
rElec    .         Reflect  .   (no cloak)
rCorr    .         Harm     .   (no gloves)
MR       .....                  (no boots)
Stlth    ++........             (no amulet)
HPRegen  0.08/turn              j - ring of positive energy
MPRegen  0.13/turn              (no ring)

@: no status effects
A: no striking features
a: no special abilities


You were on level 2 of the Dungeon.
You were not hungry.

You visited 1 branch of the dungeon, and saw 3 of its levels.

You collected 72 gold pieces.

Inventory:

Hand Weapons
 k - a +0 short sword
Armour
 a - a +1 robe (worn)
Jewellery
 j - a ring of positive energy (left hand)
Scrolls
 d - a scroll of magic mapping {unknown}
 e - 2 scrolls of remove curse
 h - 2 scrolls of enchant armour
Potions
 i - a potion of agility
Books
 b - a book of Frost

   Spells                             Type                      Level
   a - Freeze                         Ice                          1
   b - Throw Frost                    Conjuration/Ice              2
   c - Ozocubu's Armour               Charms/Ice                   3
   d - Throw Icicle                   Conjuration/Ice              4
   e - Summon Ice Beast               Ice/Summoning                4
Comestibles
 c - a bread ration
 f - 2 meat rations


   Skills:
 - Level 2.4 Dodging
 - Level 2.4 Stealth
 + Level 4.8 Spellcasting
 * Level 2.9 Conjurations
 + Level 4.4 Ice Magic


You had 9 spell levels left.
You knew the following spells:

 Your Spells              Type           Power        Failure   Level  Hunger
a - Freeze                Ice            ###.         1%          1    None
b - Throw Frost           Conj/Ice       ###...       3%          2    None


Dungeon Overview and Level Annotations

Branches:
Dungeon (3/15)

Altars:
Ashenzari
Makhleb
Zin


Message History

* * * LOW HITPOINT WARNING * * *
You climb upwards.
There is a stone staircase leading down here.
The shadow imp hits you.
* * * LOW HITPOINT WARNING * * *
The shadow imp gestures at you. Pain shoots through your body!
* * * LOW HITPOINT WARNING * * *
Things that are here:
4 stones; a short sword The shadow imp barely misses you.
Okay, then.
Things that are here:
4 stones; a short sword
k - a short sword The shadow imp hits you.
* * * LOW HITPOINT WARNING * * *
It was a potion of magic.
Magic courses through your body. The shadow imp hits you.
You die...

# #(.###.##..# #.# #..÷. #
#.......#..# #.########(÷.. #
#...#......# ##........#....
######...##..##.# #.........(....
................###+#######.#....
####'###(##(.##.........# #.#....
......##..#..##.(.......# #.#####
......###(#..##.........# #.#
......# #(#..##.@.......###.#
......# #(#..##.5.....÷.....#
......# #....##............## ###
......# ##..###..........#.####..
......# #.>.....................
####### #.###############.#.##..
# #.######### #...#.##..
##########.#.......# #.#.#.##.#
...........#.......#####.#.#.##.#


You could see a shadow imp.

Vanquished Creatures
  A hound (D:2)
  3 adders (D:2)
  2 oozes (D:1)
  A worm (D:2)
  A dart slug (D:1)
  3 leopard geckos (D:1)
  A giant cockroach (D:2)
  7 goblins
  7 hobgoblins
  5 jackals
  A quokka (D:2)
  5 bats
  4 frilled lizards
  8 kobolds
  4 rats
53 creatures vanquished.

Notes
Turn   | Place    | Note
-------+----------+-------------------------------------------
     0 | D:1      | wazuzu the Deep Elf Ice Elementalist began the quest for the Orb.
     0 | D:1      | Reached XP level 1. HP: 10/10 MP: 6/6
    96 | D:1      | Reached XP level 2. HP: 14/15 MP: 2/8
   557 | D:1      | Reached XP level 3. HP: 17/19 MP: 7/10
   561 | D:1      | Learned a level 2 spell: Throw Frost
  1006 | D:2      | Found a burning altar of Makhleb.
  1009 | D:2      | Reached XP level 4. HP: 23/24 MP: 8/12
  1070 | D:2      | Found a glowing silver altar of Zin.
  1265 | D:2      | Found a shattered altar of Ashenzari.
  1688 | D:2      | Slain by a shadow imp

Vault maps used:
D:1:      onia_arrival_handbag
D:2:      marbit_many_paths, old_standard_altar, makhleb_blood_cavern_becter
D:3:      old_standard_altar

Skill      XL: |  1  2  3 |
---------------+----------+-----
Ice Magic      | 4 |  4.4
Spellcasting   | 4 |  4.8
Conjurations   | 2 |  2.9
Dodging        | |  2.4
Stealth        | |  2.4

Action                   |  1- 3 |  4- 6 || total
-------------------------+-------+-------++-------
Melee: Unarmed           |     5 |     7 ||    12
 Cast: Freeze            |    52 |    35 ||    87
  Use: Scroll            |     4 |     1 ||     5
       Potion            |       |     1 ||     1
  Eat: Chunk             |       |     2 ||     2
Armor: Robe              |    12 |     5 ||    17
Dodge: Dodged            |    31 |    20 ||    51
